 Dungeon Crawl Stone Soup version 0.29-a0-322-g68df515428 (webtiles) character file.

Game seed: 9859681353801491556

1220 croobank the Chopper (level 8, -1/71 HPs)
             Began as a Hill Orc Fighter on Apr 7, 2022.
             Was an Initiate of Beogh.
             Slain by a yak (9 damage)
             ... on level 6 of the Dungeon.
             The game lasted 00:11:40 (5266 turns).

croobank the Chopper (Hill Orc Fighter)             Turns: 5266, Time: 00:11:40

Health: -1/71      AC: 11    Str: 21    XL:     8   Next: 47%
Magic:  8/8        EV: 13    Int:  8    God:    Beogh [......]
Gold:   299        SH:  6    Dex: 16    Spells: 7/7 levels left

rFire   . . .      SeeInvis .   a - +3 war axe
rCold   . . .      Faith    .   c - +0 buckler
rNeg    . . .      Spirit   .   b - +0 scale mail
rPois   .          Reflect  .   C - +0 helmet
rElec   .          Harm     .   (no cloak)
rCorr   .          Rampage  .   e - +0 pair of gloves
Will    .....                   A - +0 pair of boots {Fly}
Stlth   ..........              (no amulet)
HPRegen 0.21/turn               s - +4 ring of evasion
MPRegen 0.11/turn               E - +6 ring of dexterity

@: flying
A: no striking features
a: Renounce Religion


You were on level 6 of the Dungeon.
You worshipped Beogh.
Beogh was noncommittal.
You visited 1 branch of the dungeon, and saw 6 of its levels.

You collected 299 gold pieces.

Inventory:

Hand Weapons
 a - a +3 war axe (weapon)
 h - a +0 broad axe
Missiles
 g - 117 stones
 n - 6 poisoned darts (quivered)
Armour
 b - a +0 scale mail (worn)
 c - a +0 buckler (worn)
 e - a +0 pair of gloves (worn)
 u - a +0 chain mail
 w - a +0 plate armour
 A - a +0 pair of boots of flying (worn)
 C - a +0 helmet (worn)
Jewellery
 s - a +4 ring of evasion (left hand)
 B - a ring of see invisible
 E - a +6 ring of dexterity (right hand)
Wands
 d - a wand of polymorph (8)
 p - a wand of paralysis (9)
 r - a wand of acid (6)
 z - a wand of mindburst (8)
Scrolls
 t - a scroll of blinking {unknown}
 v - a scroll of torment {unknown}
 x - 2 scrolls of teleportation
 y - a scroll of noise {unknown}
 D - 2 scrolls of vulnerability {unknown}
Potions
 f - a potion of mutation
 i - 3 potions of resistance
 j - a potion of degeneration {unknown}
 k - a potion of attraction {unknown}
 l - 2 potions of flight {unknown}
 m - 2 potions of curing
 o - a potion of haste {unknown}
 q - 4 potions of heal wounds {unknown}


   Skills:
 + Level 6.8 Fighting
 + Level 6.9 Axes
 + Level 6.3 Armour
 + Level 6.2 Shields
 + Level 1.3 Invocations


You had 7 spell levels left.
You didn't know any spells.
Your spell library contained the following spells:

 Spells                   Type           Power      Damage    Failure   Level
 Animate Skeleton         Necr           0%         N/A       80%         1
 Apportation              Tloc           0%         N/A       80%         1
 Pain                     Necr           0%         1d4       80%         1
 Summon Small Mammal      Summ           0%         N/A       80%         1
 Vampiric Draining        Necr           0%         2d6       99%         3


Dungeon Overview and Level Annotations

Branches:
Dungeon (6/15)             Temple (0/1) D:4

Altars:
Okawaru
Ru

Shops:
D:5 :

Annotations:
D:3 1 runed translucent door, Crazy Yiuf


Message History

The yak gores you. You block the yak's attack.
You hit the yak.
The yak is moderately wounded.
The yak gores you but does no damage.
You closely miss the yak.
The yak is moderately wounded.
The yak barely misses you.
You slash the yak!
The yak is severely wounded.
The yak gores you!
You closely miss the yak.
The yak is severely wounded.
The yak closely misses you.
You barely miss the yak.
The yak is severely wounded.
The yak misses you. x2
You slash the yak!
You kill the yak!
Beogh accepts your kill.
Your Invocations skill increases to level 1!
You slash the yak!
The yak is moderately wounded.
The yak gores you!
You barely miss the yak.
The yak is moderately wounded.
The yak gores you but does no damage.
You barely miss the yak.
The yak is moderately wounded.
The yak completely misses you.
You hit the yak but do no damage.
The yak is moderately wounded.
The yak misses you. The yak gores you.
* * * LOW HITPOINT WARNING * * *
You barely miss the yak.
The yak is moderately wounded.
The yak gores you!
* * * LOW HITPOINT WARNING * * *
Okay, then.
The yak attacks as you move away! The yak gores you!
You die... ## . .# .. .## ...## Y.## .....# YY.

### #....##Y# ##..
#...@### ##...
###....## #### #....
##....###..# #....
###......[## ##...
#........# ##...
#.........†###....
#............>#..#..
#...............###..
#...............# #..


You could see 4 yaks.

Vanquished Creatures
  Grinder (D:3)
  A yak (D:6)
  An ice beast (D:5)
  A black bear (D:4)
  An ogre (D:5)
  A phantom (D:5)
  A necrophage (D:6)
  3 scorpions
  A jelly (D:5)
  A hound (D:4)
  2 iguanas
  Ijyb (D:4)
  A gnoll (D:1)
  6 adders
  A worm (D:2)
  A dart slug (D:2)
  3 orcs
  6 ball pythons
  7 endoplasms
  2 giant cockroaches
  4 hobgoblins
  12 jackals
  3 quokkas (D:3)
  17 bats
  4 frilled lizards
  8 goblins
  5 kobolds
  5 rats
100 creatures vanquished.

Vanquished Creatures (others)
  An orc priest (D:5)
  An orc (D:5)
  A fungus (D:1)
  2 plants (D:1)
5 creatures vanquished.

Grand Total: 105 creatures vanquished

Notes
Turn   | Place    | Note
-------+----------+-------------------------------------------
     0 | D:1      | croobank the Hill Orc Fighter began the quest for the Orb.
     0 | D:1      | Reached XP level 1. HP: 19/19 MP: 1/1
   214 | D:1      | Found a faded altar of an unknown god.
   223 | D:1      | Reached XP level 2. HP: 26/27 MP: 2/2
   590 | D:1      | Reached XP level 3. HP: 33/33 MP: 3/3
  1320 | D:2      | Reached XP level 4. HP: 36/40 MP: 4/4
  1393 | D:2      | Found a sacrificial altar of Ru.
  1708 | D:2      | You fall into a shaft and drop 2 floors!
  1767 | D:4      | Noticed Ijyb
  1777 | D:4      | Killed Ijyb
  1792 | D:4      | Noticed a scorpion
  1795 | D:4      | Killed a scorpion
  1796 | D:4      | Reached XP level 5. HP: 40/47 MP: 5/5
  2009 | D:3      | Found a runed translucent door.
  2010 | D:3      | Noticed Crazy Yiuf
  2826 | D:3      | Noticed Grinder
  2847 | D:3      | Paralysed by Grinder for 5 turns
  2861 | D:3      | Killed Grinder
  2862 | D:3      | Reached skill level 5 in Fighting
  2862 | D:3      | Reached skill level 5 in Axes
  2862 | D:3      | Reached XP level 6. HP: 38/56 MP: 6/6
  3192 | D:3      | Reached skill level 5 in Armour
  3506 | D:4      | Found a staircase to the Ecumenical Temple.
  3536 | D:4      | Reached skill level 5 in Shields
  3536 | D:4      | Reached XP level 7. HP: 60/61 MP: 7/7
  3540 | D:4      | Found an iron altar of Okawaru.
  4060 | D:5      | Entered Level 5 of the Dungeon
  4735 | D:5      | Found Hicriuroeg's Book Shoppe.
  4744 | D:5      | Reached XP level 8. HP: 56/70 MP: 8/8
  4826 | D:5      | Became a worshipper of Beogh the Brigand
  5241 | D:6      | Noticed a yak
  5241 | D:6      | Noticed a yak
  5241 | D:6      | Noticed a yak
  5241 | D:6      | Noticed a yak
  5241 | D:6      | Noticed a yak
  5260 | D:6      | Killed a yak
  5261 | D:6      | Reached skill level 1 in Invocations
  5266 | D:6      | Slain by a yak

Illustrated notes

Levels and vault maps discovered:
D:1:      amcnicky_arrival_double_pillar, layout_loops_ring,
          shapermc_ecumenical_altar_ellora, hangedman_feature_mirror
D:2:      layout_basic, basic_altar
D:3:      layout_basic, uniq_crazy_yiuf_cottage, uniq_grinder
D:4:      layout_loops_cross, okawaru_metal_pillars_3,
          minmay_temple_entry_glassed_door, roderic_batcave,
          hangedman_decor_riveting, moated_statue, uniq_ijyb
D:5:      layout_rooms, serial_shops, nicolae_shop_statue_plus,
          minmay_hedge_maze, corner_web_ring
D:6:      layout_cave_pods, nicolae_overflow_hidden_temple

Skill      XL: |  1  2  3  4  5  6  7  8 |
---------------+-------------------------+-----
Axes           | 3 4 5 6 |  6.9
Fighting       | 4 5 6 |  6.8
Armour         | 4 5 6 |  6.3
Shields        | 4 5 6 |  6.2
Invocations    | 1 |  1.3

Action                   |  1- 3 |  4- 6 |  7- 9 || total
-------------------------+-------+-------+-------++-------
Melee: War axe           |   102 |   123 |    88 ||   313
Throw: Dart              |       |     3 |    16 ||    19
Invok: Convert to Beogh  |       |       |     1 ||     1
Evoke: Wand              |       |     5 |       ||     5
  Use: Scroll            |       |     6 |     4 ||    10
       Potion            |       |     1 |       ||     1
Armor: Scale mail        |    69 |    63 |    21 ||   153
Dodge: Dodged            |    58 |   110 |    41 ||   209
Block: Buckler           |    19 |    32 |    17 ||    68

Table legend: (Time is in decaauts)
 A = Elapsed time spent in this place.
 B = Non-inter-level travel time spent in this place.
 C = Inter-level travel time spent in this place.
 D = Time resting spent in this place.
 E = Time spent auto-exploring this place.
 F = Levels seen in this place.
 G = Mean time per level.
                   A        B        C        D        E       F      G
               +--------+--------+--------+--------+--------+-----+--------+
         Total |   5364 |   5122 |    242 |    201 |   3887 |   6 |  894.0 |
       Dungeon |   5364 |   5122 |    242 |    201 |   3887 |   6 |  894.0 |
               +--------+--------+--------+--------+--------+-----+--------+

Top non-repeatable levels by time:
     D:3: 1178 daAuts
     D:1: 1111 daAuts
     D:2: 1079 daAuts
     D:4: 926 daAuts
     D:5: 828 daAuts
     D:6: 241 daAuts
